 Dungeon Crawl Stone Soup version 0.28-a0-1206-g193881aaa2 (webtiles) character file.

Game seed: 6866292185178463108

418 hazymike the Chiller (level 6, -8/35 HPs)
             Began as a Deep Elf Ice Elementalist on Dec 20, 2021.
             Mangled by a wyvern zombie (13 damage)
             ... on level 6 of the Dungeon.
             The game lasted 00:43:16 (3948 turns).

hazymike the Chiller (Deep Elf Ice Elementalist)    Turns: 3948, Time: 00:43:17

Health: -8/35      AC:  6    Str:  7    XL:     6   Next: 61%
Magic:  6/14       EV: 15    Int: 20    God:
Gold:   167        SH:  0    Dex: 21    Spells: 6/13 levels left

rFire   + . .      SeeInvis .   a - +0 quarterstaff
rCold   . . .      Faith    .   (shield currently unavailable)
rNeg    . . .      Spirit   .   b - +2 robe {Will+}
rPois   .          Reflect  .   k - +0 helmet
rElec   .          Harm     .   (no cloak)
rCorr   .          Rampage  .   j - +0 pair of gloves
Will    +....                   (no boots)
Stlth   ++........              (no amulet)
HPRegen 0.11/turn               f - +6 ring of dexterity
MPRegen 0.14/turn               o - ring of protection from fire

@: no status effects
A: no striking features
a: no special abilities


You were on level 6 of the Dungeon.
You visited 1 branch of the dungeon, and saw 5 of its levels.

You collected 167 gold pieces.

Inventory:

Hand Weapons
 a - a +0 quarterstaff (weapon)
Missiles
 e - a throwing net (quivered)
 g - 105 stones
Armour
 b - a +2 robe of willpower (worn)
 j - a +0 pair of gloves (worn)
 k - a +0 helmet (worn)
Jewellery
 f - a +6 ring of dexterity (left hand)
 o - a ring of protection from fire (right hand)
Scrolls
 d - a scroll of teleportation
 r - a scroll of torment
Potions
 c - 3 potions of flight {unknown}
 i - a potion of haste {unknown}
 l - 2 potions of curing {unknown}
 m - a potion of cancellation {unknown}
 n - a potion of might {unknown}
 p - 2 potions of heal wounds


   Skills:
 + Level 2.1 Fighting
 + Level 2.3 Staves
 + Level 4.3 Dodging
 - Level 2.4 Stealth
 - Level 4.0 Spellcasting
 * Level 6.4 Ice Magic


You had 6 spell levels left.
You knew the following spells:

 Your Spells              Type           Power      Damage    Failure   Level
a - Freeze                Ice            100%       1d11      1%          1
b - Frozen Ramparts       Ice            58%        1d7       2%          3
c - Ozocubu's Armour      Ice            29%        N/A       2%          3

Your spell library contained the following spells:

 Spells                   Type           Power      Damage    Failure   Level
 Corpse Rot               Necr/Air       8%         N/A       19%         2
 Poisonous Vapours        Pois/Air       8%         N/A       19%         2
 Hailstorm                Conj/Ice       16%        3d6       34%         4


Dungeon Overview and Level Annotations

Branches:
Dungeon (4/15)             Temple (0/1) D:6

Altars:
Cheibriados
Uskayaw

Annotations:
D:2 exclusion: ogre
D:3 Grinder


Message History

The wyvern zombie closely misses you.
The wyvern zombie completely resists.
The wall freezes the wyvern zombie but does no damage.
The wyvern zombie completely misses you.
You barely miss the wyvern zombie.
The wyvern zombie is lightly damaged.
The wyvern zombie resists.
The wall freezes the wyvern zombie.
The wyvern zombie bites you but does no damage.
You hit the wyvern zombie.
The wyvern zombie is moderately damaged.
The wyvern zombie resists.
The wall freezes the wyvern zombie.
The wyvern zombie misses you.
The wyvern zombie resists.
The wall freezes the wyvern zombie.
The wyvern zombie barely misses you.
You hit the wyvern zombie.
The wyvern zombie is heavily damaged.
The frozen ramparts melt away.
The wyvern zombie misses you.
You barely miss the wyvern zombie.
The wyvern zombie is heavily damaged.
The wyvern zombie completely misses you.
The wyvern zombie bites you!
Blink to where?
Press: ? - help, Dir - move target Your icy armour will break if you move.
Continue?
Your icy armour cracks and falls away as you move.
As you read the scroll of blinking, it crumbles to dust.
Found a stone staircase leading down.
Found a stone staircase leading up.
A wyvern comes into view.
You hear the slow rusting of a very distant drain.
An iguana comes into view.
Found a bubbling dark potion.
Found a staircase to the Ecumenical Temple.
The iguana hisses angrily.
Found a smoking leather armour.
A sky beast comes into view.
The wyvern hisses angrily.
There is a stone staircase leading up here.
The wyvern bites you!
* * * LOW HITPOINT WARNING * * *
The wyvern zombie bites you!
You die...

* **,,,,,,,,*,,** *,,,,,,,, *
*,,**,,,***,,,## *,*,,,***
****,***,,,*,,,*..######*,*,*,***
*,,,,,,,,,,,,***#........,,,,,,**
,,***,*,,,,,** ##....#..8,,*,,,,,
,,*,,,*,,**,* #....##...,,**,,,,
,,,,,,*,,,,,####...##..#,*,,**,,,
***,,,****.*#.....##l.#*,**,,**,*
⌠,**+*,,⌠*..#...@....##..,**,,,,,
,,,,,,,,,.......Zl.8...!>,,,,8,,,
*,,,,,,,*#...........##..,**,,,,,
*,,,,,,,*...#.....##..#*,#*,,**,,
+,,,_,,,+..,#......##.[#.#.,**,,,
*,,,,,,,,.,,#.......##.....*#..,,
*,,,,,,,##,*#.#####..#..8..#..,,,
,,,,,,.,,.,...* #...........,,,
⌠,**+,#.⌠#..#######..........,,*#


You could see a wyvern, an iguana and a wyvern zombie.

Vanquished Creatures
  A black bear (D:6)
  An ogre (D:4)
  An orc priest (D:3)
  A hound (D:6)
  2 jellies
  4 adders
  A gnoll (D:3)
  An ufetubus (D:3)
  3 worms
  3 dart slugs
  3 orcs (D:3)
  6 ball pythons
  7 bats
  4 endoplasms
  4 giant cockroaches
  7 goblins
  5 hobgoblins
  2 jackals (D:2)
  3 quokkas
  A frilled lizard (D:2)
  3 kobolds
  3 rats
66 creatures vanquished.

Notes
Turn   | Place    | Note
-------+----------+-------------------------------------------
     0 | D:1      | hazymike the Deep Elf Ice Elementalist began the quest for
                  | the Orb.
     0 | D:1      | Reached XP level 1. HP: 10/10 MP: 6/6
   483 | D:1      | Reached XP level 2. HP: 15/16 MP: 2/8
  1117 | D:2      | Reached XP level 3. HP: 20/20 MP: 7/9
  1138 | D:2      | Learned a level 3 spell: Frozen Ramparts
  1431 | D:2      | Reached skill level 5 in Ice Magic
  1472 | D:2      | Noticed an ogre
  1500 | D:3      | Found a snail-covered altar of Cheibriados.
  1619 | D:3      | Reached skill level 1 in Fighting
  1619 | D:3      | Reached XP level 4. HP: 25/25 MP: 4/11
  1985 | D:3      | Noticed Grinder
  2099 | D:3      | Learned a level 3 spell: Ozocubu's Armour
  2156 | D:3      | Reached skill level 1 in Staves
  2281 | D:3      | Found a snail-covered altar of Cheibriados.
  2359 | D:3      | Found a hide-covered altar of Uskayaw.
  3431 | D:3      | Reached XP level 5. HP: 19/29 MP: 5/13
  3610 | D:4      | Noticed an ogre
  3625 | D:4      | Killed an ogre
  3740 | D:4      | Reached skill level 6 in Ice Magic
  3816 | D:4      | Reached XP level 6. HP: 35/35 MP: 8/14
  3893 | D:4      | You fall into a shaft and drop 2 floors!
  3941 | D:6      | Noticed a wyvern
  3944 | D:6      | Found a staircase to the Ecumenical Temple.
  3945 | D:6      | Noticed a sky beast
  3948 | D:6      | Mangled by a wyvern zombie

Illustrated notes

Levels and vault maps discovered:
D:1:      evilmike_arrival_crescent, layout_basic
D:2:      layout_rooms, minivault_14
D:3:      layout_basic, nicolae_uskayaw_dance_hall, kennysheep_slug_shrine,
          hex_intersection, kennysheep_flooded_box, serial_park_tiny_2,
          kennysheep_boxes, uniq_grinder
D:4:      nicolae_cairo_tiling_very_big, layout_basic
D:6:      layout_rooms, evilmike_ruin_ashenzari, minmay_temple_entry_waves,
          gup_sewer_entry_spiral, serial_shops, shop, uniq_duvessa,
          uniq_eustachio

Skill      XL: |  1  2  3  4  5  6 |
---------------+-------------------+-----
Dodging        | 3 4 |  4.3
Ice Magic      | 5 6 |  6.4
Fighting       | 1 2 |  2.1
Staves         | 1 2 |  2.3
Spellcasting   | 4 |  4.0
Stealth        | |  2.4

Action                   |  1- 3 |  4- 6 || total
-------------------------+-------+-------++-------
Melee: Quarterstaff      |       |    13 ||    13
Throw: Stone             |    47 |    44 ||    91
       Throwing net      |     2 |     2 ||     4
 Cast: Freeze            |    52 |    53 ||   105
       Frozen Ramparts   |     1 |     4 ||     5
       Ozocubu's Armour  |       |     2 ||     2
  Use: Scroll            |       |     9 ||     9
Armor: Robe              |     1 |     3 ||     4
       Leather armour    |     2 |     9 ||    11
Dodge: Dodged            |    17 |    40 ||    57

Table legend: (Time is in decaauts)
 A = Elapsed time spent in this place.
 B = Non-inter-level travel time spent in this place.
 C = Inter-level travel time spent in this place.
 D = Time resting spent in this place.
 E = Time spent auto-exploring this place.
 F = Levels seen in this place.
 G = Mean time per level.
                   A        B        C        D        E       F      G
               +--------+--------+--------+--------+--------+-----+--------+
         Total |   3965 |   3809 |    156 |   1009 |    686 |   5 |  793.0 |
       Dungeon |   3965 |   3809 |    156 |   1009 |    686 |   5 |  793.0 |
               +--------+--------+--------+--------+--------+-----+--------+

Top non-repeatable levels by time:
     D:3: 1776 daAuts
     D:2: 835 daAuts
     D:1: 670 daAuts
     D:4: 626 daAuts
     D:6: 56 daAuts
